 Dungeon Crawl Stone Soup version 0.21.0-24-g2553a33 (webtiles) character file.

1763 tilp the Conjurer (level 8, 0/70 HPs)
             Began as a Green Draconian Conjurer on Jan 21, 2018.
             Slain by an orc warrior
             ... wielding a +0 short sword
              (11 damage)
             ... on level 6 of the Dungeon.
             The game lasted 00:12:55 (6662 turns).

tilp the Conjurer (Green Draconian Conjurer)        Turns: 6662, Time: 00:12:56

Health: 0/70       AC:  9    Str: 11    XL:     8   Next: 79%
Magic:  5/15       EV: 14    Int: 17    God:
Gold:   360        SH:  0    Dex: 12    Spells: 5/16 levels left

rFire    . . .     SeeInvis .   a - +3 short sword
rCold    . . .     Gourm    .   (no shield)
rNeg     . . .     Faith    .   (armour unavailable)
rPois    +         Spirit   .   p - +2 hat
rElec    .         Reflect  .   (no cloak)
rCorr    .         Harm     .   o - +0 pair of gloves
MR       .....                  (no boots)
Stlth    ++........             (no amulet)
HPRegen  0.21/turn              (no ring)
MPRegen  0.14/turn              (no ring)

@: no status effects
A: breathe noxious fumes, unfitting armour, poison resistance, cold-blooded, AC
+6
a: Breathe Noxious Fumes


You were on level 6 of the Dungeon.
You were not hungry.

You visited 2 branches of the dungeon, and saw 7 of its levels.

You collected 360 gold pieces.

Inventory:

Hand Weapons
 a - a +3 short sword (weapon)
 b - a +0 hunting sling of freezing
 c - a +0 dagger of draining
 z - a cursed -2 dagger
 E - a cursed +4 great sword of freezing
Missiles
 d - 193 stones (quivered)
 u - 47 sling bullets
 y - a throwing net
Armour
 o - a +0 pair of gloves (worn)
 p - a +2 hat (worn)
Jewellery
 g - a cursed -2 ring of intelligence {unknown}
Wands
 A - a wand of acid (6)
 D - a wand of flame (13)
Scrolls
 e - 8 scrolls of identify {unknown}
 j - a scroll of blinking {unknown}
 l - a scroll of noise {unknown}
 q - 3 scrolls of magic mapping {unknown}
 s - a scroll of teleportation {unknown}
 v - 3 scrolls of remove curse {unknown}
 C - a scroll of random uselessness {unknown}
Potions
 f - 2 potions of berserk rage {unknown}
 i - 2 potions of mutation {unknown}
 n - a potion of degeneration {unknown}
 r - a potion of flight {unknown}
 t - 2 potions of agility {unknown}
 w - 3 potions of curing {unknown}
 B - a potion of heal wounds {unknown}
 F - a potion of lignification {unknown}
Books
 h - a book of Conjurations

   Spells                             Type                      Level
   a - Magic Dart                     Conjuration                  1
   b - Searing Ray                    Conjuration                  2
   c - Dazzling Spray                 Conjuration/Hexes            3
   d - Fulminant Prism                Conjuration/Hexes            4
   e - Force Lance                    Conjuration/Translocation    4
   f - Iskenderun's Mystic Blast      Conjuration                  4
 k - a book of Minor Magic

   Spells                             Type                      Level
   a - Magic Dart                     Conjuration                  1
   b - Blink                          Translocation                2
   c - Call Imp                       Summoning                    2
   d - Slow                           Hexes                        2
   e - Conjure Flame                  Conjuration/Fire             3
   f - Mephitic Cloud                 Conjuration/Poison/Air       3
Comestibles
 m - 7 rations
 x - 2 chunks of flesh


   Skills:
 - Level 6.1 Fighting
 + Level 4.7 Dodging
 - Level 4.1 Stealth
 - Level 4.7 Spellcasting
 - Level 7.1 Conjurations


You had 5 spell levels left.
You knew the following spells:

 Your Spells              Type           Power        Failure   Level  Hunger
a - Magic Dart            Conj           ####         1%          1    None
b - Searing Ray           Conj           ####..       1%          2    #......
c - Conjure Flame         Conj/Fire      ###.....     10%         3    ###....
d - Mephitic Cloud        Conj/Pois/Air  ##......     16%         3    ###....
e - Blink                 Tloc           N/A          22%         2    #......


Dungeon Overview and Level Annotations

Branches:
Dungeon (6/15)             Temple (1/1) D:4

Altars:
Ashenzari
Cheibriados
Dithmenos
Elyvilon
Fedhas
Gozag
Kikubaaqudgha
Makhleb
Nemelex Xobeh
Okawaru
Ru
Sif Muna
Trog
Uskayaw
Xom
Zin
The Shining One


Innate Abilities, Weirdness & Mutations

You can breathe blasts of noxious fumes.
Your lurid green scales are hard. (AC +6)
You cannot fit into any form of body armour.
Your system is resistant to poisons. (rPois)
You are cold-blooded and may be slowed by cold attacks.


Message History

The orc warrior hits you with a short sword!
* * * LOW HITPOINT WARNING * * *
The searing ray hits the orc warrior.
The orc warrior is severely wounded.
The orc warrior barely misses you.
Aiming: Corrosive Bolt
Press: ? - help, Shift-Dir - straight line, f/p - orc warrior
Aim: an orc warrior, wielding a short sword and wearing a chain mail (severely wounded)
The bolt of acid hits the orc warrior.
The orc warrior appears unharmed.
The orc warrior is severely wounded.
The orc warrior hits you with a short sword.
* * * LOW HITPOINT WARNING * * *
Aiming: Corrosive Bolt
Press: ? - help, Shift-Dir - straight line, f/p - orc warrior
Aim: an orc warrior, wielding a short sword and wearing a chain mail (severely wounded)
The bolt of acid hits the orc warrior.
The orc warrior is splashed with acid.
The acid corrodes the orc warrior!
The orc warrior is almost dead.
The orc warrior hits you with a short sword!
You die...

.[.................
######.###########
##.##
####.#.#######.
#...###........
#.##.#.########
#.###.## ########.#
#.# ....)[o@.# #.#
########## #.# #.#
#.. ###


You could see an orc warrior.

Vanquished Creatures
  A hornet (D:5)
  A black bear (D:6)
  An ogre (D:5)
  2 phantoms
  2 centaurs
  A bullfrog (D:6)
  A scorpion (D:4)
  2 wights (D:6)
  A crimson imp (D:5)
  A centaur skeleton (D:5)
  An orc priest (D:5)
  4 hounds
  9 orc wizards
  Jessica (D:2)
  A bullfrog skeleton (D:6)
  An iguana (D:6)
  3 worker ants
  A hound zombie (D:5)
  A hound skeleton (D:4)
  3 adders
  5 gnolls
  A shadow imp (D:5)
  An ooze (D:4)
  2 adder skeletons (D:4)
  3 worms (D:2)
  5 dart slugs
  A leopard gecko (D:5)
  23 orcs
  6 bats
  5 giant cockroaches
  7 goblins
  2 hobgoblins
  14 jackals
  2 quokkas
  6 frilled lizards
  7 kobolds
  6 rats
134 creatures vanquished.

Notes
Turn   | Place    | Note
-------+----------+-------------------------------------------
     0 | D:1      | tilp the Draconian Conjurer began the quest for the Orb.
     0 | D:1      | Reached XP level 1. HP: 14/14 MP: 3/3
   208 | D:1      | Reached XP level 2. HP: 20/20 MP: 1/5
   212 | D:1      | Learned a level 2 spell: Searing Ray
   549 | D:1      | Reached skill level 5 in Conjurations
   560 | D:1      | Reached XP level 3. HP: 26/26 MP: 6/6
  1220 | D:2      | Found a shadowy altar of Dithmenos.
  1284 | D:2      | Noticed Jessica
  1287 | D:2      | Killed Jessica
  1287 | D:2      | Reached XP level 4. HP: 33/33 MP: 3/7
  1458 | D:2      | Found a sparkling altar of Nemelex Xobeh.
  1691 | D:2      | Reached skill level 6 in Conjurations
  2307 | D:3      | Reached XP level 5. HP: 38/38 MP: 4/8
  2851 | D:3      | Learned a level 3 spell: Conjure Flame
  2930 | D:4      | Found a shattered altar of Ashenzari.
  3112 | D:4      | Found a burning altar of Makhleb.
  3116 | D:4      | Reached skill level 7 in Conjurations
  3136 | D:4      | Found a staircase to the Ecumenical Temple.
  3145 | Temple   | Entered the Ecumenical Temple
  3338 | D:4      | Noticed a dagger
  3338 | D:4      | Noticed a hand axe
  3364 | D:4      | Found a hide-covered altar of Uskayaw.
  3402 | D:4      | Reached XP level 6. HP: 45/45 MP: 5/9
  3564 | D:4      | Found a blossoming altar of Fedhas.
  3919 | D:5      | Entered Level 5 of the Dungeon
  4129 | D:5      | Noticed a hornet
  4139 | D:5      | Killed a hornet
  4139 | D:5      | Your scales start taking on a lurid green colour.
  4139 | D:5      | Reached XP level 7. HP: 30/50 MP: 1/14
  4139 | D:5      | Gained mutation: Your system is resistant to poisons. (rPois) [Green Draconian growth]
  4236 | D:5      | Learned a level 3 spell: Mephitic Cloud
  4239 | D:5      | Learned a level 2 spell: Blink
  4650 | D:5      | Reached skill level 1 in Fighting
  4821 | D:5      | Found a deep blue altar of Sif Muna.
  5083 | D:5      | Reached XP level 8. HP: 66/66 MP: 9/15
  5670 | D:6      | Reached skill level 5 in Fighting
  5986 | D:6      | Found a bloodstained altar of Trog.
  6470 | D:6      | Found a shimmering altar of Xom.
  6662 | D:6      | Slain by an orc warrior

Skill      XL: |  1  2  3  4  5  6  7  8 |
---------------+-------------------------+-----
Conjurations   | 5 6 7 |  7.1
Spellcasting   | 4 |  4.7
Stealth        | 4 |  4.1
Fighting       | 3 6 |  6.1
Dodging        | 4 |  4.7

Action                   |  1- 3 |  4- 6 |  7- 9 || total
-------------------------+-------+-------+-------++-------
Melee: Unarmed           |     3 |       |       ||     3
       Short sword       |    27 |    87 |    94 ||   208
       Tailslap          |     2 |    10 |    15 ||    27
       Whip              |     2 |       |       ||     2
 Fire: Hunting sling     |       |    40 |    20 ||    60
Throw: Stone             |     6 |       |     1 ||     7
 Cast: Magic Dart        |    16 |    11 |     9 ||    36
       Searing Ray       |     6 |    14 |    29 ||    49
Evoke: Wand              |       |       |     2 ||     2
 Stab: Sleeping          |     2 |     1 |     1 ||     4
  Eat: Chunk             |     2 |    10 |     8 ||    20
Armor: Skin              |     8 |    49 |    40 ||    97
Dodge: Dodged            |    16 |    93 |    76 ||   185
